 Dungeon Crawl Stone Soup version 0.31-a0-180-g519b7de00c (webtiles) character file.

Game seed: 7532729742345300441

11783 qw the Skirmisher (level 11, -5/106 HPs)
             Began as a Naga Hunter on June 19, 2023.
             Was an Elder of Okawaru.
             Slain by a culicivora (8 damage)
             ... on level 2 of the Lair of Beasts.
             The game lasted 00:04:51 (11623 turns).

qw the Skirmisher (Naga Hunter)                    Turns: 11623, Time: 00:04:51

Health: -5/106     AC:  8    Str: 14    XL:     11   Next: 83%
Magic:  14/16      EV:  9    Int:  9    God:    Okawaru [****..]
Gold:   461        SH:  0    Dex: 25    Spells: 10/10 levels left

rFire   + . .        m - +0 orcbow
rCold   + + .        (shield currently unavailable)
rNeg    . . .        b - +3 leather armour {rC+}
rPois   +            (no helmet)
rElec   .            g - scarf {rC+ rF+}
rCorr   .            (no gloves)
SInv    +            (no barding)
Will    +....        p - amulet of faith
Stlth   ++++         k - +6 ring of dexterity
HPRegen 0.37/turn    a - +4 ring of slaying {mikee}
MPRegen 0.15/turn

%: faith
@: short of breath, heroic, held, very slow
A: AC +3, large, see invisible, deformed body, poison resistance, slowness 2,
spit poison 1, naga tail 1
a: Spit Poison, Renounce Religion, Heroism, Finesse


You were on level 2 of the Lair of Beasts.
You worshipped Okawaru.
Okawaru was greatly pleased with you.
You visited 2 branches of the dungeon, and saw 11 of its levels.

You collected 642 gold pieces.
You spent 181 gold pieces at shops.


Innate Abilities, Weirdness & Mutations

Your serpentine skin is tough. (AC +3)
You have supernaturally acute eyesight. (SInv)
Armour fits poorly on your strangely shaped body.
Your system is resistant to poisons. (rPois)
You cover ground very slowly.
You can spit poison.
You have a snake-like lower body.


   Skills:
 - Level 9.0(14.0) Fighting
 - Level 13.0(18.0) Ranged Weapons
 - Level 1.1(6.1) Armour
 + Level 5.1(10.1) Dodging
 - Level 1.5(6.5) Stealth
 + Level 7.3 Invocations


You had 10 spell levels left.
You didn't know any spells.
Your spell library was empty.

Inventory:

Hand Weapons
 m - a +0 orcbow (weapon)
Armour
 b - a +3 leather armour of cold resistance (worn)
 e - a +0 leather armour of fire resistance
 g - a scarf of resistance (worn)
 h - a +0 cloak
 t - a +0 pair of gloves
Jewellery
 a - a +4 ring of slaying (right hand) {mikee}
 f - an amulet of the acrobat
 k - a +6 ring of dexterity (left hand)
 l - a ring of fire
 p - an amulet of faith (around neck)
Wands
 q - a wand of digging (4)
Scrolls
 d - 5 scrolls of identify
 u - a scroll of immolation {unknown}
Potions
 c - a potion of mutation
 j - 2 potions of resistance
 n - a potion of might
 o - 6 potions of curing
 r - 2 potions of enlightenment
 s - a potion of haste

Dungeon Overview and Level Annotations

Branches:
Dungeon (9/15)             Temple (0/1) D:6            Lair (2/5) D:9
  Swamp (0/4) Lair:2       Spider (0/4) Lair:2
    Orc: D:9-12

Altars:
Ashenzari
Dithmenos
Kikubaaqudgha
Nemelex Xobeh
Okawaru
Sif Muna
Trog
Vehumet
Wu Jian
Yredelemnul
Zin

Shops:
D:1 [   D:4 [

Annotations:
D:4 3 runed translucent doors, qw's ghost, novice NaHu
D:9 2 transporters, qw's ghost, journeyman GrFi


Message History

You shoot an arrow. The arrow barely misses the culicivora.
The culicivora completely misses you. The culicivora misses you.
The jumping spider pounces on you! The jumping spider bites you.
The culicivora bites you.
The culicivora draws strength from your injuries!
You shoot an arrow. The arrow hits the culicivora!
The culicivora is moderately wounded.
The culicivora bites you!
The culicivora draws strength from your injuries!
The jumping spider pounces on you. The jumping spider bites you.
The culicivora bites you!
The culicivora draws strength from your injuries!
The culicivora bites you!
The culicivora draws strength from your injuries!
The jumping spider pounces on you! The jumping spider barely misses you.
11621 ||| INVOKING Heroism.
You gain the combat prowess of a mighty hero.
The culicivora bites you but does no damage.
The culicivora bites you!
The culicivora draws strength from your injuries!
The jumping spider pounces on you but does no damage.
The jumping spider barely misses you. The culicivora misses you.
11622 ||| DRINKING 2 potions of heal wounds.
You feel much better. The culicivora barely misses you.
The jumping spider pounces on you.
You are caught in a web!
The jumping spider bites you. The culicivora barely misses you.
The culicivora bites you!!
The culicivora draws strength from your injuries!
The jumping spider closely misses you.
The jumping spider bites you but does no damage.
11623 ||| DRINKING potion of heal wounds.
You feel much better. The culicivora bites you!!
The culicivora draws strength from your injuries!
The culicivora bites you!
The culicivora draws strength from your injuries!
The jumping spider pounces on you!
You are even more entangled.
The jumping spider bites you but does no damage.
The culicivora bites you!
You die...

#....####.............
#.....#.................
#....###................
#..~.####...............
.~~~~..#................
~~~~~~~...P###.........
~~~~~....####.........
~~~~~.>..#####....#...
~~~~~......##...@s# ..
~~~~~~...##.#.##ss.#
.~~~~~~........##^^.#
..~~~~~...####..#...^.#
...~~.....# ##.##^...#
.........## #...#.^.^.#
.P##......# ##..##.....
)####.#..## ###...##^.>.
....###...###......##


You could see 2 culicivoras and a jumping spider.

Vanquished Creatures
  Amaemon (Lair:1)
  Pikel (D:8)
  An oklob plant (Lair:2)
  Joseph (D:8)
  An orange demon (Lair:1)
  4 cane toads
  3 komodo dragons (Lair:2)
  A troll (D:9)
  A jumping spider (Lair:2)
  16 yaks
  2 wyverns (D:9)
  A basilisk (D:9)
  Grum (D:8)
  3 steam dragons
  2 swamp worms (Lair:2)
  An acid dragon (D:9)
  5 water moccasins
  Duvessa (D:7)
  2 ice beasts (D:6)
  A sky beast (D:6)
  3 orc warriors
  2 black bears (D:5)
  4 wolves (D:8)
  An ogre (D:4)
  2 centaurs
  A lemure (D:8)
  2 kobold brigands
  6 bullfrogs
  A scorpion (D:5)
  5 wights (D:6)
  Dowan (D:7)
  3 killer bees (D:9)
  5 howler monkeys
  A hound (D:6)
  2 jellies (D:5)
  3 orc priests
  A sleepcap (D:6)
  5 iguanas
  7 orc wizards
  4 gnolls (D:3)
  16 adders
  A shadow imp (D:7)
  2 ufetubi
  3 worms (D:2)
  5 dart slugs
  27 orcs
  5 endoplasms
  4 giant cockroaches
  8 goblins
  7 hobgoblins
  2 jackals (D:3)
  4 quokkas
  6 ball pythons
  7 bats
  16 kobolds
  9 rats
230 creatures vanquished.

Notes
Turn   | Place    | Note
-------+----------+-------------------------------------------
     0 | D:1      | qw the Naga Hunter began the quest for the Orb.
     0 | D:1      | Reached XP level 1. HP: 19/19 MP: 1/1
     0 | D:1      | 0 ||| qw: Version: 0.3-a-7-ge0c9b40
     0 | D:1      | 0 ||| qw: Game counter: 1024
     0 | D:1      | 0 ||| qw: Always use a shield: true
     0 | D:1      | 0 ||| qw: God list: Okawaru
     0 | D:1      | 0 ||| qw: Allow faded altars: false
     0 | D:1      | 0 ||| qw: Do Orc after D:15 true
     0 | D:1      | 0 ||| qw: Do second Lair branch before Depths: true
     0 | D:1      | 0 ||| qw: Lair rune preference: random
     0 | D:1      | 0 ||| qw: Plans: Normal
     0 | D:1      | 0 ||| PLANNING D:1-11
    59 | D:1      | 59 ||| INVOKING Spit Poison.
    76 | D:1      | 76 ||| INVOKING Spit Poison.
    81 | D:1      | 81 ||| INVOKING Spit Poison.
   110 | D:1      | 110 ||| INVOKING Spit Poison.
   111 | D:1      | Reached skill level 4 in Ranged Weapons
   111 | D:1      | Reached XP level 2. HP: 26/26 MP: 2/2
   241 | D:1      | 241 ||| FLEEEEING.
   246 | D:1      | 246 ||| INVOKING Spit Poison.
   265 | D:1      | Found a faded altar of an unknown god.
   266 | D:1      | 266 ||| FLEEEEING.
   267 | D:1      | 267 ||| FLEEEEING.
   326 | D:1      | 326 ||| INVOKING Spit Poison.
   357 | D:1      | 357 ||| INVOKING Spit Poison.
   398 | D:1      | 398 ||| INVOKING Spit Poison.
   416 | D:1      | 416 ||| INVOKING Spit Poison.
   417 | D:1      | Reached XP level 3. HP: 32/32 MP: 3/3
   427 | D:1      | 427 ||| INVOKING Spit Poison.
   456 | D:1      | Found Oklaske's Antique Armour Emporium.
   459 | D:1      | 459 ||| INVOKING Spit Poison.
   467 | D:1      | 467 ||| BUYING cloak (81 gold).
   467 | D:1      | Bought a cloak for 81 gold pieces
   467 | D:1      | 467 ||| SHOPLISTING steaming robe (102 gold, have 0).
   484 | D:1      | 484 ||| INVOKING Spit Poison.
   644 | D:1      | 644 ||| UPGRADING to +0 cloak.
   649 | D:1      | 649 ||| UPGRADING to amulet of the acrobat.
   654 | D:1      | 654 ||| READING scroll labelled QIANAD EFE.
   655 | D:1      | 655 ||| READING scroll labelled MAQAOM KOCKOM.
   715 | D:1      | 715 ||| READING scroll labelled MAONIT BIE.
   716 | D:1      | 716 ||| DROPPING scroll of butterflies.
   749 | D:2      | 749 ||| INVOKING Spit Poison.
   758 | D:2      | 758 ||| INVOKING Spit Poison.
   764 | D:2      | 764 ||| INVOKING Spit Poison.
   850 | D:2      | 850 ||| INVOKING Spit Poison.
   853 | D:2      | 853 ||| INVOKING Spit Poison.
   867 | D:2      | 867 ||| INVOKING Spit Poison.
   870 | D:2      | 870 ||| INVOKING Spit Poison.
   907 | D:2      | Found a sparkling altar of Nemelex Xobeh.
   923 | D:2      | 923 ||| INVOKING Spit Poison.
   931 | D:2      | 931 ||| INVOKING Spit Poison.
   952 | D:2      | 952 ||| INVOKING Spit Poison.
   957 | D:2      | 957 ||| INVOKING Spit Poison.
   993 | D:2      | 993 ||| INVOKING Spit Poison.
   994 | D:2      | 994 ||| INVOKING Spit Poison.
   999 | D:2      | 999 ||| INVOKING Spit Poison.
  1034 | D:2      | 1034 ||| INVOKING Spit Poison.
  1038 | D:2      | Reached skill level 5 in Ranged Weapons
  1038 | D:2      | Reached XP level 4. HP: 39/39 MP: 4/4
  1044 | D:2      | 1044 ||| INVOKING Spit Poison.
  1055 | D:2      | 1055 ||| INVOKING Spit Poison.
  1173 | D:2      | 1173 ||| INVOKING Spit Poison.
  1176 | D:2      | 1176 ||| INVOKING Spit Poison.
  1179 | D:2      | 1179 ||| INVOKING Spit Poison.
  1246 | D:2      | 1246 ||| INVOKING Spit Poison.
  1329 | D:2      | 1329 ||| INVOKING Spit Poison.
  1377 | D:2      | 1377 ||| INVOKING Spit Poison.
  1483 | D:2      | 1483 ||| UPGRADING to scarf of resistance.
  1493 | D:2      | 1493 ||| UPGRADING to +4 ring of slaying {mikee}.
  1494 | D:2      | 1494 ||| READING scroll labelled CIRCHI ITAU.
  1495 | D:2      | 1495 ||| READING scroll labelled DEM VOSMOFAP.
  1496 | D:2      | 1496 ||| READING scroll labelled LUESHE TIEXA ERHU.
  1497 | D:2      | 1497 ||| READING scroll labelled QOSTUOPE RIET.
  1498 | D:2      | 1498 ||| READING scroll labelled YSUZYI COXU.
  1499 | D:2      | 1499 ||| READING 2 scrolls of identify.
  1499 | D:2      | 1499 ||| IDENTIFYING lumpy clear potion
  1553 | D:3      | 1553 ||| INVOKING Spit Poison.
  1599 | D:3      | 1599 ||| INVOKING Spit Poison.
  1623 | D:3      | Found a bloodstained altar of Trog.
  1648 | D:3      | Reached skill level 3 in Fighting
  1657 | D:3      | 1657 ||| INVOKING Spit Poison.
  1659 | D:3      | Reached XP level 5. HP: 49/49 MP: 5/5
  1663 | D:3      | 1663 ||| INVOKING Spit Poison.
  1796 | D:3      | 1796 ||| INVOKING Spit Poison.
  1846 | D:3      | 1846 ||| INVOKING Spit Poison.
  1973 | D:3      | 1973 ||| INVOKING Spit Poison.
  1974 | D:3      | 1974 ||| INVOKING Spit Poison.
  1995 | D:3      | 1995 ||| INVOKING Spit Poison.
  2014 | D:3      | 2014 ||| INVOKING Spit Poison.
  2102 | D:3      | 2102 ||| INVOKING Spit Poison.
  2332 | D:3      | Found a basalt altar of Yredelemnul.
  2337 | D:3      | 2337 ||| INVOKING Spit Poison.
  2412 | D:3      | 2412 ||| INVOKING Spit Poison.
  2413 | D:3      | 2413 ||| INVOKING Spit Poison.
  2525 | D:3      | 2525 ||| UPGRADING to ring of willpower.
  2526 | D:3      | 2526 ||| UPGRADING to +6 ring of dexterity.
  2528 | D:3      | 2528 ||| UPGRADING to +4 ring of slaying {mikee}.
  2530 | D:3      | 2530 ||| DROPPING ring of willpower.
  2531 | D:3      | 2531 ||| READING scroll labelled OGETAC ANT.
  2536 | D:3      | 2536 ||| READING 6 scrolls of identify.
  2536 | D:3      | 2536 ||| IDENTIFYING amethyst potion
  2537 | D:3      | 2537 ||| READING 5 scrolls of identify.
  2537 | D:3      | 2537 ||| IDENTIFYING sedimented puce potion
  2538 | D:3      | 2538 ||| READING 4 scrolls of identify.
  2538 | D:3      | 2538 ||| IDENTIFYING bubbling dark potion
  2539 | D:3      | 2539 ||| DROPPING potion of invisibility.
  2540 | D:3      | 2540 ||| DROPPING potion of magic.
  2541 | D:3      | 2541 ||| DROPPING potion of lignification.
  2606 | D:4      | Found Yciuwiuh's Antique Armour Shoppe.
  2612 | D:4      | 2612 ||| BUYING dyed leather armour (100 gold).
  2612 | D:4      | Bought a dyed leather armour for 100 gold pieces
  2612 | D:4      | 2612 ||| SHOPLISTING helmet (90 gold, have 37).
  2612 | D:4      | 2612 ||| SHOPLISTING ichor-stained cloak (190 gold, have
                  | 37).
  2612 | D:4      | 2612 ||| SHOPLISTING runed leather armour (100 gold, have
                  | 37).
  2631 | D:4      | Noticed an ogre
  2633 | D:4      | 2633 ||| INVOKING Spit Poison.
  2635 | D:4      | Killed an ogre
  2636 | D:4      | Reached XP level 6. HP: 56/56 MP: 6/6
  2755 | D:4      | 2755 ||| INVOKING Spit Poison.
  2789 | D:4      | 2789 ||| INVOKING Spit Poison.
  2889 | D:4      | 2889 ||| Stepping ~*~*~tactically~*~*~ (outnumbered).
  2891 | D:4      | 2891 ||| INVOKING Spit Poison.
  2896 | D:4      | 2896 ||| INVOKING Spit Poison.
  2901 | D:4      | 2901 ||| INVOKING Spit Poison.
  2903 | D:4      | 2903 ||| DRINKING potion of curing.
  2903 | D:4      | 2903 ||| (to cure confusion)
  2905 | D:4      | Reached skill level 6 in Ranged Weapons
  2932 | D:4      | Found a runed translucent gate.
  2932 | D:4      | Found a runed translucent gate.
  2932 | D:4      | Found a runed translucent gate.
  2935 | D:4      | Noticed an orc warrior
  2936 | D:4      | Noticed qw's ghost (novice NaHu)
  2957 | D:4      | 2957 ||| INVOKING Spit Poison.
  2983 | D:4      | 2983 ||| INVOKING Spit Poison.
  2986 | D:4      | 2986 ||| INVOKING Spit Poison.
  3035 | D:4      | You fall into a shaft and drop 1 floor!
  3035 | D:5      | Entered Level 5 of the Dungeon
  3097 | D:5      | 3097 ||| UPGRADING to +3 leather armour of cold resistance.
  3107 | D:5      | 3107 ||| DROPPING +0 leather armour.
  3108 | D:5      | 3108 ||| READING 3 scrolls of identify.
  3108 | D:5      | 3108 ||| IDENTIFYING clear potion
  3233 | D:4      | Found an iron altar of Okawaru.
  3234 | D:4      | 3234 ||| PLANNING OKAWARU WORSHIP
  3234 | D:4      | 3234 ||| INVOKING Spit Poison.
  3242 | D:4      | Became a worshipper of Warmaster Okawaru
  3243 | D:4      | 3243 ||| PLANNING D:1-11
  3255 | D:4      | 3255 ||| INVOKING Spit Poison.
  3256 | D:4      | 3256 ||| INVOKING Spit Poison.
  3263 | D:4      | 3263 ||| INVOKING Spit Poison.
  3270 | D:4      | 3270 ||| INVOKING Spit Poison.
  3274 | D:4      | 3274 ||| INVOKING Spit Poison.
  4101 | D:5      | Reached XP level 7. HP: 64/64 MP: 7/7
  4101 | D:5      | 4101 ||| INVOKING Spit Poison.
  4136 | D:5      | 4136 ||| INVOKING Spit Poison.
  4143 | D:5      | 4143 ||| INVOKING Spit Poison.
  4182 | D:5      | Noticed a yak
  4184 | D:5      | 4184 ||| INVOKING Spit Poison.
  4188 | D:5      | 4188 ||| INVOKING Spit Poison.
  4193 | D:5      | 4193 ||| INVOKING Spit Poison.
  4193 | D:5      | Killed a yak
  4194 | D:5      | Reached skill level 7 in Ranged Weapons
  4378 | D:5      | 4378 ||| INVOKING Spit Poison.
  4432 | D:5      | 4432 ||| INVOKING Spit Poison.
  4437 | D:5      | 4437 ||| INVOKING Spit Poison.
  4513 | D:5      | 4513 ||| INVOKING Spit Poison.
  4543 | D:5      | 4543 ||| INVOKING Spit Poison.
  4546 | D:5      | 4546 ||| INVOKING Spit Poison.
  4549 | D:5      | Reached * piety under Okawaru
  4550 | D:5      | Reached XP level 8. HP: 55/72 MP: 8/8
  4550 | D:5      | 4550 ||| INVOKING Spit Poison.
  4553 | D:5      | 4553 ||| INVOKING Spit Poison.
  4672 | D:5      | 4672 ||| INVOKING Spit Poison.
  4679 | D:5      | Reached skill level 8 in Ranged Weapons
  4679 | D:5      | Reached skill level 1 in Invocations
  4704 | D:5      | Found a shimmering blue altar of Sif Muna.
  4743 | D:5      | 4743 ||| INVOKING Spit Poison.
  4757 | D:5      | 4757 ||| INVOKING Spit Poison.
  4772 | D:5      | 4772 ||| INVOKING Spit Poison.
  4906 | D:5      | Found a radiant altar of Vehumet.
  4955 | D:5      | Found a glowing silver altar of Zin.
  4957 | D:5      | 4957 ||| READING scroll labelled HIEXZUYGYA.
  4958 | D:5      | 4958 ||| READING 3 scrolls of identify.
  4958 | D:5      | 4958 ||| IDENTIFYING viscous golden potion
  5126 | D:6      | 5126 ||| INVOKING Heroism.
  5130 | D:6      | Reached skill level 3 in Dodging
  5130 | D:6      | 5130 ||| INVOKING Spit Poison.
  5175 | D:6      | Found a broken altar of Ashenzari.
  5196 | D:6      | 5196 ||| INVOKING Spit Poison.
  5229 | D:6      | 5229 ||| Stepping ~*~*~tactically~*~*~ (outnumbered).
  5232 | D:6      | 5232 ||| Stepping ~*~*~tactically~*~*~ (outnumbered).
  5234 | D:6      | 5234 ||| INVOKING Spit Poison.
  5235 | D:6      | 5235 ||| INVOKING Heroism.
  5268 | D:6      | 5268 ||| INVOKING Heroism.
  5288 | D:6      | 5288 ||| INVOKING Heroism.
  5430 | D:6      | 5430 ||| SWAPPING to +0 orcbow.
  5432 | D:6      | Reached skill level 3 in Invocations
  5432 | D:6      | 5432 ||| DROPPING +0 shortbow of draining.
  5451 | D:6      | 5451 ||| INVOKING Spit Poison.
  5457 | D:6      | 5457 ||| INVOKING Spit Poison.
  5462 | D:6      | 5462 ||| INVOKING Spit Poison.
  5465 | D:6      | 5465 ||| INVOKING Spit Poison.
  5472 | D:6      | 5472 ||| INVOKING Spit Poison.
  5474 | D:6      | 5474 ||| INVOKING Heroism.
  5545 | D:6      | 5545 ||| INVOKING Spit Poison.
  5616 | D:6      | 5616 ||| INVOKING Spit Poison.
  5652 | D:6      | 5652 ||| INVOKING Spit Poison.
  5672 | D:6      | 5672 ||| INVOKING Spit Poison.
  5675 | D:6      | Reached XP level 9. HP: 81/81 MP: 11/11
  5702 | D:6      | Reached skill level 9 in Ranged Weapons
  5702 | D:6      | 5702 ||| INVOKING Spit Poison.
  5752 | D:6      | Found a staircase to the Ecumenical Temple.
  5808 | D:6      | 5808 ||| INVOKING Spit Poison.
  5811 | D:6      | 5811 ||| INVOKING Spit Poison.
  6201 | D:6      | 6201 ||| DRINKING 2 black potions.
  6202 | D:6      | 6202 ||| READING 2 scrolls of identify.
  6202 | D:6      | 6202 ||| IDENTIFYING brown potion
  6203 | D:6      | 6203 ||| DROPPING potion of attraction.
  6222 | D:7      | Noticed Duvessa
  6222 | D:7      | Noticed Dowan
  6223 | D:7      | 6223 ||| INVOKING Heroism.
  6224 | D:7      | 6224 ||| INVOKING Spit Poison.
  6230 | D:7      | 6230 ||| INVOKING Spit Poison.
  6231 | D:7      | Killed Duvessa
  6232 | D:7      | Reached skill level 6 in Fighting
  6238 | D:7      | Killed Dowan
  6342 | D:7      | 6342 ||| INVOKING Spit Poison.
  6362 | D:7      | 6362 ||| INVOKING Spit Poison.
  6367 | D:7      | 6367 ||| INVOKING Heroism.
  6368 | D:7      | 6368 ||| INVOKING Spit Poison.
  6430 | D:7      | 6430 ||| INVOKING Spit Poison.
  6481 | D:7      | 6481 ||| INVOKING Spit Poison.
  6484 | D:7      | 6484 ||| Stepping ~*~*~tactically~*~*~ (outnumbered).
  6487 | D:7      | 6487 ||| INVOKING Spit Poison.
  6491 | D:7      | 6491 ||| INVOKING Spit Poison.
  6495 | D:7      | 6495 ||| INVOKING Spit Poison.
  6948 | D:7      | 6948 ||| UPGRADING to amulet of faith.
  6958 | D:7      | 6958 ||| READING 4 scrolls of identify.
  6958 | D:7      | 6958 ||| IDENTIFYING green potion
  6968 | D:8      | Found a shadowy altar of Dithmenos.
  6972 | D:8      | 6972 ||| INVOKING Spit Poison.
  6973 | D:8      | Noticed Grum
  6974 | D:8      | 6974 ||| INVOKING Heroism.
  6980 | D:8      | 6980 ||| INVOKING Spit Poison.
  6987 | D:8      | 6987 ||| STAIRDANCE
  7084 | D:8      | 7084 ||| INVOKING Heroism.
  7085 | D:8      | 7085 ||| INVOKING Spit Poison.
  7086 | D:8      | Killed Grum
  7087 | D:8      | Reached skill level 10 in Ranged Weapons
  7091 | D:8      | 7091 ||| INVOKING Spit Poison.
  7092 | D:8      | Reached ** piety under Okawaru
  7115 | D:8      | 7115 ||| INVOKING Spit Poison.
  7115 | D:8      | Noticed Pikel
  7116 | D:8      | 7116 ||| INVOKING Heroism.
  7121 | D:8      | 7121 ||| INVOKING Spit Poison.
  7129 | D:8      | 7129 ||| INVOKING Spit Poison.
  7130 | D:8      | Killed Pikel
  7131 | D:8      | Reached XP level 10. HP: 96/96 MP: 11/13
  7320 | D:8      | Noticed Joseph
  7322 | D:8      | 7322 ||| INVOKING Spit Poison.
  7326 | D:8      | 7326 ||| INVOKING Heroism.
  7327 | D:8      | 7327 ||| INVOKING Spit Poison.
  7332 | D:8      | Killed Joseph
  7458 | D:8      | 7458 ||| INVOKING Heroism.
  7459 | D:8      | 7459 ||| INVOKING Spit Poison.
  7579 | D:8      | 7579 ||| DRINKING 2 fuming pink potions.
  7580 | D:8      | 7580 ||| READING 4 scrolls of identify.
  7580 | D:8      | 7580 ||| IDENTIFYING ruby potion
  7581 | D:8      | 7581 ||| READING 3 scrolls of identify.
  7581 | D:8      | 7581 ||| IDENTIFYING red potion
  7582 | D:8      | 7582 ||| DROPPING potion of brilliance.
  7622 | D:9      | 7622 ||| INVOKING Heroism.
  7629 | D:9      | 7629 ||| INVOKING Spit Poison.
  7637 | D:9      | 7637 ||| INVOKING Spit Poison.
  7640 | D:9      | Reached *** piety under Okawaru
  7641 | D:9      | 7641 ||| INVOKING Spit Poison.
  7644 | D:9      | Reached skill level 11 in Ranged Weapons
  7649 | D:9      | 7649 ||| INVOKING Spit Poison.
  7655 | D:9      | Reached skill level 1 in Armour
  7748 | D:9      | 7748 ||| INVOKING Heroism.
  7884 | D:9      | 7884 ||| INVOKING Spit Poison.
  7891 | D:9      | 7891 ||| INVOKING Spit Poison.
  7894 | D:9      | 7894 ||| INVOKING Heroism.
  7895 | D:9      | 7895 ||| INVOKING Spit Poison.
  7903 | D:9      | 7903 ||| INVOKING Spit Poison.
  7903 | D:9      | HP: 22/96 [yak (5)]
  7904 | D:9      | 7904 ||| READING scroll of teleportation.
  7905 | D:9      | 7905 ||| DRINKING potion of heal wounds.
  7907 | D:9      | Found a transporter.
  7907 | D:9      | Noticed qw's ghost (journeyman GrFi)
  7912 | D:9      | 7912 ||| INVOKING Spit Poison.
  7913 | D:9      | HP: 19/96 [killer bee (6)]
  7917 | D:9      | Noticed a moth of wrath
  7918 | D:9      | HP: 9/96 [killer bee (4)]
  7921 | D:9      | 7921 ||| INVOKING Spit Poison.
  7923 | D:9      | 7923 ||| INVOKING Heroism.
  7928 | D:9      | Noticed a manticore
  7939 | D:9      | 7939 ||| INVOKING Spit Poison.
  7969 | D:9      | 7969 ||| INVOKING Heroism.
  7971 | D:9      | 7971 ||| INVOKING Spit Poison.
  8179 | D:9      | Found a transporter.
  8330 | D:9      | Found an ancient bone altar of Kikubaaqudgha.
  8385 | D:9      | 8385 ||| INVOKING Heroism.
  8387 | D:9      | 8387 ||| INVOKING Spit Poison.
  8392 | D:9      | 8392 ||| INVOKING Spit Poison.
  8474 | D:9      | 8474 ||| INVOKING Spit Poison.
  8478 | D:9      | 8478 ||| INVOKING Spit Poison.
  8529 | D:9      | 8529 ||| INVOKING Spit Poison.
  8531 | D:9      | 8531 ||| INVOKING Heroism.
  8537 | D:9      | 8537 ||| INVOKING Spit Poison.
  8541 | D:9      | 8541 ||| INVOKING Spit Poison.
  8591 | D:9      | Found a staircase to the Lair.
  8602 | D:9      | 8602 ||| INVOKING Spit Poison.
  8606 | D:9      | 8606 ||| INVOKING Heroism.
  8607 | D:9      | 8607 ||| INVOKING Spit Poison.
  8889 | D:9      | 8889 ||| INVOKING Spit Poison.
  8896 | D:9      | Reached skill level 12 in Ranged Weapons
  8896 | D:9      | Reached XP level 11. HP: 103/103 MP: 14/14
  8897 | D:9      | 8897 ||| INVOKING Spit Poison.
  8902 | D:9      | Reached **** piety under Okawaru
  9103 | D:9      | Found an ornate altar of the Wu Jian Council.
  9113 | D:9      | 9113 ||| PLANNING LAIR
  9113 | D:9      | 9113 ||| DROPPING +6 ring of intelligence.
  9208 | Lair:1   | Entered Level 1 of the Lair of Beasts
  9208 | Lair:1   | Noticed Amaemon
  9209 | Lair:1   | 9209 ||| INVOKING Heroism.
  9210 | Lair:1   | 9210 ||| INVOKING Spit Poison.
  9214 | Lair:1   | 9214 ||| INVOKING Spit Poison.
  9218 | Lair:1   | 9218 ||| INVOKING Spit Poison.
  9218 | Lair:1   | Killed Amaemon
  9224 | Lair:1   | 9224 ||| INVOKING Spit Poison.
  9400 | Lair:1   | 9400 ||| INVOKING Heroism.
  9502 | Lair:1   | 9502 ||| INVOKING Heroism.
  9510 | Lair:1   | 9510 ||| INVOKING Spit Poison.
  9576 | Lair:1   | 9576 ||| INVOKING Heroism.
  9631 | Lair:1   | 9631 ||| INVOKING Spit Poison.
 10250 | Lair:2   | 10250 ||| INVOKING Spit Poison.
 10259 | Lair:2   | 10259 ||| INVOKING Spit Poison.
 10263 | Lair:2   | 10263 ||| INVOKING Spit Poison.
 10271 | Lair:2   | 10271 ||| INVOKING Spit Poison.
 10276 | Lair:2   | 10276 ||| INVOKING Spit Poison.
 10278 | Lair:2   | 10278 ||| INVOKING Heroism.
 10280 | Lair:2   | Reached skill level 13 in Ranged Weapons
 10281 | Lair:2   | 10281 ||| INVOKING Spit Poison.
 10285 | Lair:2   | 10285 ||| INVOKING Spit Poison.
 10514 | Lair:2   | Noticed an oklob plant
 10515 | Lair:2   | 10515 ||| INVOKING Heroism.
 10522 | Lair:2   | Killed an oklob plant
 10523 | Lair:2   | Reached skill level 6 in Invocations
 10612 | Lair:2   | Found a staircase to the Swamp.
 10613 | Lair:2   | 10613 ||| INVOKING Heroism.
 10679 | Lair:2   | 10679 ||| INVOKING Heroism.
 10680 | Lair:2   | 10680 ||| INVOKING Spit Poison.
 10687 | Lair:2   | 10687 ||| INVOKING Spit Poison.
 10690 | Lair:2   | Received a gift from Okawaru
 10832 | Lair:2   | 10832 ||| INVOKING Heroism.
 10841 | Lair:2   | 10841 ||| INVOKING Spit Poison.
 10842 | Lair:2   | 10842 ||| Stepping ~*~*~tactically~*~*~ (outnumbered).
 10849 | Lair:2   | 10849 ||| INVOKING Spit Poison.
 10853 | Lair:2   | 10853 ||| INVOKING Spit Poison.
 10857 | Lair:2   | 10857 ||| INVOKING Spit Poison.
 11327 | Lair:2   | 11327 ||| INVOKING Heroism.
 11329 | Lair:2   | 11329 ||| INVOKING Spit Poison.
 11334 | Lair:2   | Reached skill level 9 in Fighting
 11399 | Lair:2   | 11399 ||| INVOKING Spit Poison.
 11610 | Lair:2   | Found a hole to the Spider Nest.
 11613 | Lair:2   | 11613 ||| INVOKING Spit Poison.
 11618 | Lair:2   | 11618 ||| INVOKING Spit Poison.
 11621 | Lair:2   | 11621 ||| INVOKING Heroism.
 11621 | Lair:2   | HP: 20/106 [culicivora (12)]
 11622 | Lair:2   | 11622 ||| DRINKING 2 potions of heal wounds.
 11623 | Lair:2   | 11623 ||| DRINKING potion of heal wounds.
 11623 | Lair:2   | HP: 3/106 [jumping spider (9)]
 11623 | Lair:2   | Slain by a culicivora

Levels and vault maps discovered:
D:1:      elethiomel_arrival_infinity_welcomes_careful_drivers, layout_basic,
          shapermc_ecumenical_altar_rom_forum, serial_shops, shop
D:2:      layout_loops_cross, basic_altar
D:3:      layout_basic, marbit_many_paths, yredelemnul_altar_generic,
          kennysheep_generic_room_15
D:4:      layout_loops_corners, overflow_temple_1_default, serial_shops, shop,
          gammafunk_ghost_split
D:5:      layout_loops_cross, nicolae_sif_muna_little_library,
          nicolae_vehumet_altar_sigil, general_overflow_altar,
          minmay_manual_monstrance
D:6:      nicolae_cairo_tiling_large_dashed, layout_basic,
          evilmike_ruin_ashenzari
D:7:      layout_loops_ring, uniq_duvessa
D:8:      layout_cave_pools, overflow_temple_1_default, uniq_pikel, uniq_joseph,
          uniq_grum
D:9:      layout_gridville, kiku_gazebo_pond_becter,
          nicolae_wu_jian_immortal_techniques, erik_lair_dragon,
          gammafunk_ghost_berserking_beasts
Lair:1:   layout_cave_pods, uniq_amaemon
Lair:2:   layout_small_grid, swamp_mist, spider_nest_entry_funnel_web,
          worms_lemuel, infiniplex_staircase_pool

Skill      XL: |  1  2  3  4  5  6  7  8  9 10 11 |
---------------+----------------------------------+-----
Ranged Weapons | 4 5 6 7 8 10 12 13 | 13.0
Fighting       | 3 4 5 7 8 9 |  9.0
Dodging        | 2 3 4 5 |  5.1
Invocations    | 3 4 7 |  7.3
Armour         | 1 |  1.1
Stealth        | |  1.5

Action                     |  1- 3 |  4- 6 |  7- 9 | 10-12 || total
---------------------------+-------+-------+-------+-------++-------
   Fire: Shortbow          |    68 |    93 |    95 |       ||   256
         Orcbow            |       |       |   133 |   260 ||   393
 Invoke: Heroism           |       |       |    10 |    21 ||    31
Ability: Spit Poison       |    26 |    34 |    50 |    49 ||   159
    Use: Scroll            |     3 |    11 |     4 |     3 ||    21
         Potion            |       |     1 |     1 |     4 ||     6
 Armour: Leather armour    |     2 |     7 |    23 |    49 ||    81
  Dodge: Dodged            |    16 |    11 |    81 |   148 ||   256

Table legend:
 A = Non-vault XP
 B = Vault XP
 C = Vault XP percentage of total XP
 D = Non-vault monster count
 E = Vault monster count
 F = Vault count percentage of total count
                 A         B        C        D         E       F
            +---------+---------+-------+---------+---------+-------
      Total |   11991 |    4842 |  28.8 |     204 |      25 |  10.9
            +---------+---------+-------+---------+---------+-------
        D:1 |      42 |       0 |   0.0 |      21 |       0 |   0.0
        D:2 |      89 |       0 |   0.0 |      27 |       0 |   0.0
        D:3 |     113 |       4 |   3.4 |      23 |       3 |  11.5
        D:4 |     334 |       0 |   0.0 |      18 |       0 |   0.0
        D:5 |     570 |     292 |  33.9 |      15 |       4 |  21.1
        D:6 |    1454 |       0 |   0.0 |      28 |       0 |   0.0
        D:7 |     409 |     211 |  34.0 |      19 |       2 |   9.5
        D:8 |     582 |    1802 |  75.6 |       7 |       7 |  50.0
        D:9 |    3068 |     801 |  20.7 |      24 |       4 |  14.3
     Lair:1 |    1163 |    1185 |  50.5 |       6 |       2 |  25.0
     Lair:2 |    4167 |     547 |  11.6 |      16 |       3 |  15.8
            +---------+---------+-------+---------+---------+-------
